 Dungeon Crawl Stone Soup version 0.28-a0-804-g60983d4ba9 (webtiles) character file.

Game seed: 7116030966852406875

(classic levelgen) 74 emperorscorpion the Stinger (level 4, 32/32 HPs)
             Began as a Gnoll Venom Mage on July 6, 2019.
             Quit the game on level 2 of the Dungeon on Nov 7, 2021.
             The game lasted 00:06:25 (1566 turns).

emperorscorpion the Stinger (Gnoll Venom Mage)      Turns: 1566, Time: 00:06:26

Health: 32/32      AC:  2    Str: 10    XL:     4   Next: 30%
Magic:  11/11      EV: 14    Int: 17    God:
Gold:   105        SH:  0    Dex: 17    Spells: 12/13 levels left

rFire   + . .      SeeInvis .   d - +0 short sword
rCold   . . .      Faith    .   (no shield)
rNeg    . . .      Spirit   .   a - +0 robe
rPois   .          Reflect  .   (no helmet)
rElec   .          Harm     .   (no cloak)
rCorr   .          Rampage  .   (no gloves)
Will    .....                   (no boots)
Stlth   +++.......              (no amulet)
HPRegen 0.10/turn               g - ring of protection from fire
MPRegen 0.12/turn               (no ring)

@: no status effects
A: fangs 1, strong nose, distributed training
a: no special abilities


You were on level 2 of the Dungeon.
You visited 1 branch of the dungeon, and saw 2 of its levels.

You collected 105 gold pieces.

Inventory:

Hand Weapons
 d - a +0 short sword (weapon)
Missiles
 j - 24 poisoned darts (quivered)
 n - 3 javelins
Armour
 a - a +0 robe (worn)
 b - a +0 scale mail
Jewellery
 g - a ring of protection from fire (left hand)
Scrolls
 e - 4 scrolls of magic mapping {unknown}
Potions
 f - a potion of invisibility {unknown}
 h - a potion of brilliance {unknown}
 i - 2 potions of degeneration {unknown}
 l - a potion of curing {unknown}
 m - a potion of haste {unknown}
Comestibles
 c - 4 removed foods
 k - 3 removed foods


   Skills:
 + Level 1.0 Fighting
 + Level 1.0 Short Blades
 + Level 1.0 Long Blades
 + Level 1.0 Axes
 + Level 1.0 Maces & Flails
 + Level 1.0 Polearms
 + Level 1.0 Staves
 + Level 1.0 Slings
 + Level 1.0 Bows
 + Level 1.0 Crossbows
 + Level 1.0 Throwing
 + Level 1.0 Armour
 + Level 4.6 Dodging
 + Level 4.2 Stealth
 + Level 1.0 Shields
 + Level 1.0 Unarmed Combat
 + Level 5.0 Spellcasting
 + Level 2.2 Conjurations
 + Level 0.8 Hexes
 + Level 0.8 Summonings
 + Level 0.8 Necromancy
 + Level 0.8 Translocations
 + Level 0.8 Transmutations
 + Level 0.8 Fire Magic
 + Level 0.8 Ice Magic
 + Level 0.8 Air Magic
 + Level 0.8 Earth Magic
 + Level 5.4 Poison Magic
 + Level 1.1 Invocations
 + Level 1.0 Evocations


You had 12 spell levels left.
You knew the following spells:

 Your Spells              Type           Power      Damage    Failure   Level
a - Sting                 Tmut/Pois      60%        1d6       4%          1

Your spell library contained the following spells:

 Spells                   Type           Power      Damage    Failure   Level
 Poisonous Vapours        Pois/Air       30%        N/A       6%          2
 Mephitic Cloud           Conj/Pois/Air  13%        N/A       13%         3
 Olgreb's Toxic Radiance  Pois           22%        N/A       16%         4


Dungeon Overview and Level Annotations

Branches:
Dungeon (2/15)

Altars:


Innate Abilities, Weirdness & Mutations

You have very sharp teeth.
Your uncanny sense of smell can sniff out nearby items.
Your experience applies equally to all skills.


Message History

Aiming: Sting (safe; 3% risk of failure)
Press: ? - help, Shift-Dir - straight line, f - hobgoblin
Aim: a hobgoblin, wielding a +0 club (resting)
The sting hits the hobgoblin.
You kill the hobgoblin!
Casting: Sting (safe; 3% risk of failure)
Confirm with . or Enter, or press ? or * to list all spells.
Aiming: Sting (safe; 3% risk of failure)
Press: ? - help, Shift-Dir - straight line, f - dart slug
Aim: a dart slug The sting hits the dart slug.
The dart slug is poisoned.
The dart slug is heavily wounded.
Casting: Sting (safe; 3% risk of failure)
Confirm with . or Enter, or press ? or * to list all spells.
Aiming: Sting (safe; 3% risk of failure)
Press: ? - help, Shift-Dir - straight line, f/p - dart slug
Aim: a dart slug (severely wounded, poisoned, clinging)
The sting hits the dart slug.
The dart slug looks even sicker.
You kill the dart slug!
Casting: Sting (safe; 3% risk of failure)
Confirm with . or Enter, or press ? or * to list all spells.
You can't see any susceptible monsters within range! (Use Z to cast anyway.)
Casting: Sting (safe; 3% risk of failure)
Confirm with . or Enter, or press ? or * to list all spells.
You can't see any susceptible monsters within range! (Use Z to cast anyway.)
A jackal comes into view.
A jackal is nearby!
Saving game... please wait.
Welcome back, emperorscorpion the Gnoll Venom Mage.
Press ? for a list of commands and other information.
You swing at nothing.
Some of the chunks of flesh in your inventory have rotted away.
Saving game... please wait.
Welcome back, emperorscorpion the Gnoll Venom Mage.
Press ? for a list of commands and other information.
Saving game... please wait.
Welcome back, emperorscorpion the Gnoll Venom Mage.
Press ? for a list of commands and other information.
Okay, then.
Are you sure you want to abandon this character and quit the game? (Confirm with "yes".)

...........# .....#...
..........##h.....#...
###...........
.........
...........###
#....... #....).......
#......#
#............###......
#.....................
###.......# ####......
#....@.##..........<##
#......# ..........
#......# .......###
#......# ##.#... ..
#......##### # #..####
#......#...# #.#......
#......#...# #.#.....#
###........###.......#
#...........#......#


There were no monsters in sight!

Vanquished Creatures
  An adder (D:2)
  2 worms (D:2)
  5 dart slugs
  2 removed leopard geckos
  2 giant cockroaches (D:1)
  5 goblins
  5 hobgoblins
  7 jackals
  4 kobolds
  A quokka (D:2)
  5 bats
  3 rats
42 creatures vanquished.

Vanquished Creatures (others)
  A bat (D:1)
1 creature vanquished.

Grand Total: 43 creatures vanquished

Notes
Turn   | Place    | Note
-------+----------+-------------------------------------------
     0 | D:1      | emperorscorpion the Gnoll Venom Mage began the quest for
                  | the Orb.
     0 | D:1      | Reached XP level 1. HP: 13/13 MP: 6/6
    80 | D:1      | Reached XP level 2. HP: 14/19 MP: 1/7
   589 | D:1      | Reached XP level 3. HP: 25/25 MP: 9/9
   681 | D:1      | Reached skill level 5 in Spellcasting
   864 | D:2      | Upgraded the game from 0.24-a0-475-g5b41c6f198 to
                  | 0.24-a0-479-g9a978d2894
   903 | D:2      | Reached skill level 1 in Invocations
  1205 | D:2      | Reached skill level 1 in Fighting
  1205 | D:2      | Reached skill level 1 in Short Blades
  1205 | D:2      | Reached skill level 1 in Long Blades
  1205 | D:2      | Reached skill level 1 in Axes
  1205 | D:2      | Reached skill level 1 in Maces & Flails
  1205 | D:2      | Reached skill level 1 in Polearms
  1205 | D:2      | Reached skill level 1 in Staves
  1205 | D:2      | Reached skill level 1 in Slings
  1205 | D:2      | Reached skill level 1 in Bows
  1205 | D:2      | Reached skill level 1 in Crossbows
  1205 | D:2      | Reached skill level 1 in Throwing
  1205 | D:2      | Reached skill level 1 in Armour
  1205 | D:2      | Reached skill level 1 in Shields
  1205 | D:2      | Reached skill level 1 in Unarmed Combat
  1205 | D:2      | Reached skill level 1 in Evocations
  1340 | D:2      | Reached XP level 4. HP: 32/32 MP: 3/11
  1565 | D:2      | Upgraded the game from 0.24-a0-479-g9a978d2894 to
                  | 0.28-a0-804-g60983d4ba9
  1566 | D:2      | Quit the game

Illustrated notes

Levels and vault maps discovered:
D:1:      matt_arrival_diagonals, layout_basic
D:2:      layout_basic, lemuel_coloured_pillars_altar,
          okawaru_ov_weapons_minmay, uniq_sigmund

Skill      XL: |  1  2  3 |
---------------+----------+-----
Conjurations   | 2 |  2.2
Spellcasting   | 5 |  5.0
Invocations    | 1 |  1.1
Fighting       | 1 |  1.0
Short Blades   | 1 |  1.0
Long Blades    | 1 |  1.0
Axes           | 1 |  1.0
Maces & Flails | 1 |  1.0
Polearms       | 1 |  1.0
Staves         | 1 |  1.0
Slings         | 1 |  1.0
Bows           | 1 |  1.0
Crossbows      | 1 |  1.0
Throwing       | 1 |  1.0
Armour         | 1 |  1.0
Shields        | 1 |  1.0
Unarmed Combat | 1 |  1.0
Evocations     | 1 |  1.0
Dodging        | |  4.6
Stealth        | |  4.2
Hexes          | |  0.8
Summonings     | |  0.8
Necromancy     | |  0.8
Translocations | |  0.8
Transmutations | |  0.8
Fire Magic     | |  0.8
Ice Magic      | |  0.8
Air Magic      | |  0.8
Earth Magic    | |  0.8
Poison Magic   | |  5.4

Action                   |  1- 3 |  4- 6 || total
-------------------------+-------+-------++-------
Melee: Short sword       |    60 |       ||    60
       Punch             |     4 |       ||     4
       Touch             |     1 |       ||     1
 Cast: Sting             |    47 |    10 ||    57
  Use: Potion            |     2 |       ||     2
       Scroll            |     1 |       ||     1
 Stab: Sleeping          |     2 |       ||     2
  Eat: Removed food      |     1 |     1 ||     2
Armor: Robe              |    11 |     1 ||    12
Dodge: Dodged            |    66 |     3 ||    69

Table legend: (Time is in decaauts)
 A = Elapsed time spent in this place.
 B = Non-inter-level travel time spent in this place.
 C = Inter-level travel time spent in this place.
 D = Time resting spent in this place.
 E = Time spent auto-exploring this place.
 F = Levels seen in this place.
 G = Mean time per level.
                   A        B        C        D        E       F      G
               +--------+--------+--------+--------+--------+-----+--------+
         Total |   1570 |   1374 |    196 |    202 |    876 |   2 |  785.0 |
       Dungeon |   1570 |   1374 |    196 |    202 |    876 |   2 |  785.0 |
               +--------+--------+--------+--------+--------+-----+--------+

Top non-repeatable levels by time:
     D:2: 1 daAuts
Note: time per level data comes from an upgraded game and may be incomplete.
